 Dungeon Crawl Stone Soup version 0.29.1-15-g9cfb28693d (webtiles) character file.

Game seed: 17476828379108188245

951 Renzlar the Shield-Bearer (level 8, -6/67 HPs)
             Began as a Gnoll Fighter on Mar 3, 2023.
             Mangled by a troll (10 damage)
             ... on level 5 of the Dungeon.
             The game lasted 00:11:09 (3781 turns).

Renzlar the Shield-Bearer (Gnoll Fighter)           Turns: 3781, Time: 00:11:10

Health: -6/67      AC: 10    Str: 19    XL:     8   Next: 13%
Magic:  12/12      EV: 10    Int:  7    God:
Gold:   274        SH:  5    Dex: 11    Spells: 13/13 levels left

rFire   . . .      SeeInvis .   a - +0 war axe (flame)
rCold   . . .      Faith    .   c - +0 buckler
rNeg    . . .      Spirit   .   b - +1 scale mail
rPois   .          Reflect  .   (no helmet)
rElec   .          Harm     .   (no cloak)
rCorr   .          Rampage  .   l - +0 pair of gloves
Will    .....                   (no boots)
Stlth   +.........              (no amulet)
HPRegen 0.21/turn               (no ring)
MPRegen 0.13/turn               (no ring)

@: mighty, hasted, very quick
A: fangs 1, strong nose, distributed training
a: no special abilities


You were on level 5 of the Dungeon.
You visited 1 branch of the dungeon, and saw 5 of its levels.

You collected 274 gold pieces.

Inventory:

Hand Weapons
 a - a +0 war axe of flaming (weapon)
Missiles
 o - 3 curare-tipped darts (quivered)
Armour
 b - a +1 scale mail (worn)
 c - a +0 buckler (worn)
 l - a +0 pair of gloves (worn)
Jewellery
 f - an amulet of the acrobat
 j - a ring of wizardry
Scrolls
 h - 5 scrolls of identify
 k - a scroll of enchant armour
 m - a scroll of poison
 n - 2 scrolls of silence
Potions
 e - 2 potions of haste
 g - a potion of flight
 i - 2 potions of curing


   Skills:
 + Level 7.3 Fighting
 + Level 3.1 Short Blades
 + Level 3.1 Long Blades
 + Level 5.6 Axes
 + Level 3.1 Maces & Flails
 + Level 3.1 Polearms
 + Level 3.1 Staves
 + Level 3.1 Ranged Weapons
 + Level 3.1 Throwing
 + Level 7.3 Armour
 + Level 3.1 Dodging
 + Level 3.1 Stealth
 + Level 7.3 Shields
 + Level 3.1 Unarmed Combat
 + Level 3.1 Spellcasting
 + Level 2.5 Conjurations
 + Level 2.5 Hexes
 + Level 2.5 Summonings
 + Level 2.5 Necromancy
 + Level 2.5 Translocations
 + Level 2.5 Transmutations
 + Level 2.5 Fire Magic
 + Level 2.5 Ice Magic
 + Level 2.5 Air Magic
 + Level 2.5 Earth Magic
 + Level 2.5 Poison Magic
 + Level 3.4 Invocations
 + Level 3.1 Evocations


You had 13 spell levels left.
You didn't know any spells.
Your spell library was empty.

Dungeon Overview and Level Annotations

Branches:
Dungeon (5/15)
 Temple: D:4-7

Altars:
Ashenzari
Elyvilon
Gozag
Sif Muna
Zin

Shops:
D:1 [


Innate Abilities, Weirdness & Mutations

You have very sharp teeth.
Your uncanny sense of smell can sniff out nearby items.
Your experience applies equally to all skills.


Message History

You slash the troll! You burn the troll.
An ogre comes into view. It is wielding a +0 giant spiked club.
You block the acid dragon's attack.
The acid dragon claws you but does no damage.
You block the troll's attack. The troll misses you.
The troll claws you but does no damage.
You barely miss the acid dragon.
The acid dragon is severely wounded.
You barely miss the troll. The acid dragon barely misses you. x2
The troll misses you.
You block the troll's attack. x2; The troll bites you!
The troll claws you. The troll barely misses you.
The acid dragon barely misses you. x2
Unknown command.
You barely miss the acid dragon.
The acid dragon is severely wounded.
You barely miss the troll. The acid dragon barely misses you.
The acid dragon closely misses you. The troll bites you.
The troll barely misses you. x2
Unknown command.
You slice the acid dragon!! You burn the acid dragon.
You kill the acid dragon!
You barely miss the troll. The troll closely misses you. The troll misses you.
The troll barely misses you.
Unknown command.
You feel yourself speed up. The troll barely misses you. The troll claws you!
* * * LOW HITPOINT WARNING * * *
You block the troll's attack. The ogre barely misses you.
Unknown command.
You slash the troll! You burn the troll.
The troll is heavily wounded.
The troll bites you but does no damage. The troll claws you.
* * * LOW HITPOINT WARNING * * *
The troll completely misses you.
Unknown command.
You closely miss the troll.
The troll is heavily wounded.
The troll bites you!
* * * LOW HITPOINT WARNING * * *
The troll claws you!
You die...

........# #.#
+##.....#######.######
.......#.....##......#
###.#.##.###.##.####.#
#<..#.##.# #########.#
.####....# ##?#T#.#..#
.# ###### #.O.#.###.#
.# #.####T#..# .# #
#@###.# .# ∆##.#..# <#
##.#.# ## ###.# ..#
.## #


You could see a troll.

Vanquished Creatures
  Pikel (D:4)
  An acid dragon (D:5)
  A phantom (D:4)
  A howler monkey (D:5)
  2 hounds (D:5)
  Natasha (thrice) (D:2)
  3 adders
  3 worms
  4 dart slugs
  3 orcs
  8 bats
  12 endoplasms
  A giant cockroach (D:2)
  5 hobgoblins
  9 kobolds
  4 quokkas
  12 ball pythons
  6 frilled lizards
  7 goblins
  4 rats
  A toadstool (D:1)
91 creatures vanquished.

Vanquished Creatures (others)
  7 fungi (D:1)
  3 toadstools (D:1)
10 creatures vanquished.

Grand Total: 101 creatures vanquished

Notes
Turn   | Place    | Note
-------+----------+-------------------------------------------
     0 | D:1      | Renzlar the Gnoll Fighter began the quest for the Orb.
     0 | D:1      | Reached XP level 1. HP: 23/23 MP: 1/1
   123 | D:1      | Reached XP level 2. HP: 29/29 MP: 2/2
   280 | D:1      | Reached XP level 3. HP: 23/35 MP: 3/3
   282 | D:1      | Found a faded altar of an unknown god.
   575 | D:1      | Found Sojummei's Antique Armour Shoppe.
   616 | D:1      | Reached skill level 1 in Invocations
  1083 | D:2      | Noticed Natasha
  1086 | D:2      | Killed Natasha
  1087 | D:2      | Reached skill level 1 in Short Blades
  1087 | D:2      | Reached skill level 1 in Long Blades
  1087 | D:2      | Reached skill level 1 in Maces & Flails
  1087 | D:2      | Reached skill level 1 in Polearms
  1087 | D:2      | Reached skill level 1 in Staves
  1087 | D:2      | Reached skill level 1 in Ranged Weapons
  1087 | D:2      | Reached skill level 1 in Throwing
  1087 | D:2      | Reached skill level 1 in Dodging
  1087 | D:2      | Reached skill level 1 in Stealth
  1087 | D:2      | Reached skill level 1 in Unarmed Combat
  1087 | D:2      | Reached skill level 1 in Spellcasting
  1087 | D:2      | Reached skill level 1 in Evocations
  1087 | D:2      | Reached XP level 4. HP: 41/41 MP: 5/5
  1337 | D:2      | Noticed Natasha
  1343 | D:2      | Killed Natasha
  1344 | D:2      | Reached skill level 1 in Conjurations
  1344 | D:2      | Reached skill level 1 in Hexes
  1344 | D:2      | Reached skill level 1 in Summonings
  1344 | D:2      | Reached skill level 1 in Necromancy
  1344 | D:2      | Reached skill level 1 in Translocations
  1344 | D:2      | Reached skill level 1 in Transmutations
  1344 | D:2      | Reached skill level 1 in Fire Magic
  1344 | D:2      | Reached skill level 1 in Ice Magic
  1344 | D:2      | Reached skill level 1 in Air Magic
  1344 | D:2      | Reached skill level 1 in Earth Magic
  1344 | D:2      | Reached skill level 1 in Poison Magic
  1647 | D:2      | Noticed Natasha
  1653 | D:2      | Killed Natasha
  1654 | D:2      | Reached XP level 5. HP: 42/47 MP: 5/7
  2080 | D:3      | Found a broken altar of Ashenzari.
  2650 | D:3      | Found a shimmering blue altar of Sif Muna.
  2696 | D:4      | Found an opulent altar of Gozag.
  2847 | D:4      | Found a white marble altar of Elyvilon.
  3017 | D:4      | Noticed a lemure
  3017 | D:4      | Noticed a lemure
  3019 | D:4      | Noticed Pikel
  3019 | D:4      | Noticed a lemure
  3027 | D:4      | Noticed a lemure
  3035 | D:4      | Killed Pikel
  3036 | D:4      | Reached skill level 5 in Axes
  3036 | D:4      | Reached XP level 6. HP: 43/55 MP: 7/9
  3036 | D:4      | Reached XP level 7. HP: 47/60 MP: 7/10
  3547 | D:5      | Entered Level 5 of the Dungeon
  3705 | D:5      | Found a glowing silver altar of Zin.
  3718 | D:5      | Reached XP level 8. HP: 67/67 MP: 12/12
  3765 | D:5      | Noticed a troll
  3781 | D:5      | Mangled by a troll

Illustrated notes

Levels and vault maps discovered:
D:1:      dpeg_cavernosity, layout_rooms, hellmonk_ecumenical_altar_blasted,
          serial_shops, nicolae_lakefront_shop, minmay_gold_behind_fungi,
          minmay_misc_feat_encased, minmay_tetromino_l2
D:2:      layout_basic, uniq_natasha
D:3:      layout_loops_corners, lemuel_coloured_pillars_altar,
          mainiacjoe_overflow_brackets, minmay_misc_feat_enclosed,
          corexii_item_surrounded_by_moat
D:4:      layout_basic, nicolae_overflow_hidden_temple,
          mainiacjoe_overflow_alcove_1, uniq_pikel
D:5:      layout_basic, mainiacjoe_overflow_paths, serial_shops,
          nicolae_shop_hallway_plus, glass_columns_a,
          chequers_serial_rivers_micro_d, minmay_small_thing

Skill      XL: |  1  2  3  4  5  6  7 |
---------------+----------------------+-----
Invocations    | 1 2 3 |  3.4
Short Blades   | 1 2 3 |  3.1
Long Blades    | 1 2 3 |  3.1
Maces & Flails | 1 2 3 |  3.1
Polearms       | 1 2 3 |  3.1
Staves         | 1 2 3 |  3.1
Ranged Weapons | 1 2 3 |  3.1
Throwing       | 1 2 3 |  3.1
Dodging        | 1 2 3 |  3.1
Stealth        | 1 2 3 |  3.1
Unarmed Combat | 1 2 3 |  3.1
Spellcasting   | 1 2 3 |  3.1
Evocations     | 1 2 3 |  3.1
Conjurations   | 1 2 |  2.5
Hexes          | 1 2 |  2.5
Summonings     | 1 2 |  2.5
Necromancy     | 1 2 |  2.5
Translocations | 1 2 |  2.5
Transmutations | 1 2 |  2.5
Fire Magic     | 1 2 |  2.5
Ice Magic      | 1 2 |  2.5
Air Magic      | 1 2 |  2.5
Earth Magic    | 1 2 |  2.5
Poison Magic   | 1 2 |  2.5
Fighting       | 7 |  7.3
Axes           | 5 |  5.6
Armour         | 7 |  7.3
Shields        | 7 |  7.3

Action                   |  1- 3 |  4- 6 |  7- 9 || total
-------------------------+-------+-------+-------++-------
Melee: War axe           |   108 |   112 |    61 ||   281
       Bite              |    10 |     8 |     7 ||    25
  Use: Scroll            |     6 |     5 |     2 ||    13
       Potion            |       |     1 |     2 ||     3
Armor: Scale mail        |    57 |    33 |    30 ||   120
Dodge: Dodged            |    70 |    45 |    43 ||   158
Block: Buckler           |    12 |    32 |    21 ||    65
